 Dungeon Crawl Stone Soup version 0.19-a0-1532-g228a5d9 (webtiles) character file.

219 sveltemanboy the Slasher (level 5, -5/38 HPs)
             Began as a Demonspawn Gladiator on Sept 13, 2016.
             Was an Initiate of Gozag.
             Slain by a gnoll (7 damage)
             ... on level 4 of the Dungeon.
             The game lasted 00:08:19 (3110 turns).

sveltemanboy the Slasher (Demonspawn Gladiator)     Turns: 3110, Time: 00:08:20

Health: -5/38      AC:  5    Str: 16    XL:     5   Next: 64%
Magic:  5/5        EV: 12    Int:  9    God:    Gozag
Gold:   169        SH:  0    Dex: 14    Spells: 0 memorised, 4 levels left

rFire  . . .     SeeInvis +     a - +0 long sword
rCold  . . .     Gourm    .     m - +0 ring mail
rNeg   . . .     Faith    .     (no shield)
rPois  .         Spirit   .     (helmet restricted)
rElec  .         Dismiss  .     (no cloak)
rCorr  .         Reflect  .     (no gloves)
MR     .....     Harm     .     (no boots)
Stlth  +.........               (no amulet)
                                (no ring)
                                i - ring of see invisible

@: lethally poisoned (-5 -> -9)
A: antennae 1, foul stench 1, rot immunity
a: Potion Petition, Call Merchant, Bribe Branch, Renounce Religion


You were on level 4 of the Dungeon.
You worshipped Gozag.
Gozag was aware of your devotion.
You were not hungry.

You visited 1 branch of the dungeon, and saw 4 of its levels.

You collected 215 gold pieces.
You paid 46 gold pieces to Gozag.

Inventory:

Hand Weapons
 a - a +0 long sword (weapon)
Missiles
 d - 2 throwing nets (quivered)
 e - 108 stones
 g - 5 javelins
 o - 6 curare-tipped needles
Armour
 m - a +0 ring mail (worn)
 p - a +0 buckler
Jewellery
 b - an uncursed ring of ice
 i - a ring of see invisible (left hand)
Scrolls
 c - a scroll of enchant weapon {unknown}
 j - a scroll of teleportation {unknown}
 k - a scroll of magic mapping {unknown}
 l - 2 scrolls of identify {unknown}
Comestibles
 f - 2 bread rations


   Skills:
 - Level 2.0 Fighting
 * Level 4.8 Long Blades
 - Level 1.7 Throwing
 + Level 2.3 Armour
 - Level 3.0 Dodging
 + Level 0.8 Shields


You had 4 spell levels left.
You didn't know any spells.

Dungeon Overview and Level Annotations

Branches:
Dungeon (4/15)
 Temple: D:4-7

Altars:
Dithmenos
Gozag
Nemelex Xobeh
Vehumet


Innate Abilities, Weirdness & Mutations

You have a pair of small antennae on your head.
You may emit foul miasma when damaged in melee.
You are immune to rotting.


Message History

You feel sick. The gnoll hits you but does no damage.
Unknown command.
You barely miss the gnoll.
The gnoll is moderately wounded.
You feel sick. The gnoll hits you.
* * * LOW HITPOINT WARNING * * *
Unknown command.
You completely miss the gnoll.
The gnoll is moderately wounded.
The gnoll hits you but does no damage. The gnoll hits you!
* * * LOW HITPOINT WARNING * * *
Unknown command.
It was a potion of cure mutation.
It has a very clean taste.
* * * LOW HITPOINT WARNING * * *
You feel sick. The gnoll barely misses you.
You barely miss the gnoll.
The gnoll is moderately wounded.
The gnoll hits you!
You die...
Your body crumbles into a pile of gold.

# #.. #.....
.. .#...
#.#.....
...##..#
#.....###
###.##.<#(#
###.#.....$$#
#...<.###.#@#
###.#..##.#g#
...##.##.#.#
######..#.#.#
..........#.#
......)...#.#
..........#.#
########..#.#
##>.


You could see a gnoll.

Vanquished Creatures
  A worker ant (D:4)
  A hound skeleton (D:4)
  6 gnolls
  3 adders
  2 oozes (D:3)
  2 worms (D:2)
  A dart slug (D:1)
  An orc (D:3)
  3 ball pythons
  10 bats
  A giant cockroach (D:3)
  4 hobgoblins
  16 jackals
  2 giant newts (D:1)
  14 goblins
  8 kobolds
  3 rats
78 creatures vanquished.

Notes
Turn   | Place    | Note
-------+----------+-------------------------------------------
     0 | D:1      | sveltemanboy the Demonspawn Gladiator began the quest for the Orb.
     0 | D:1      | Reached XP level 1. HP: 16/16 MP: 1/1
   180 | D:1      | Gained mutation: You are immune to rotting. [demonic ancestry]
   180 | D:1      | Reached XP level 2. HP: 15/22 MP: 2/2
   400 | D:1      | Reached skill level 3 in Long Blades
   546 | D:1      | Reached skill level 1 in Armour
   656 | D:1      | Gained mutation: You may emit foul miasma when damaged in melee. [demonic ancestry]
   656 | D:1      | Reached XP level 3. HP: 24/27 MP: 3/3
  1442 | D:2      | Found a shadowy altar of Dithmenos.
  1500 | D:2      | Gained mutation: You have a pair of small antennae on your head. [demonic ancestry]
  1500 | D:2      | Reached XP level 4. HP: 33/33 MP: 4/4
  1760 | D:2      | Reached skill level 4 in Long Blades
  2337 | D:3      | Found a radiant altar of Vehumet.
  2536 | D:3      | Found an opulent altar of Gozag.
  2564 | D:3      | Became a worshipper of Gozag Ym Sagoz the Greedy
  2612 | D:3      | Reached XP level 5. HP: 18/38 MP: 5/5
  2831 | D:3      | Found a sparkling altar of Nemelex Xobeh.
  3110 | D:4      | Slain by a gnoll

Vault maps used:
D:1:      dpeg_arrival_rhombus
D:2:      grunt_dithmenos_smoke
D:3:      nicolae_overflow_crystal_walls,
          nicolae_gozag_cash_rules_everything_around_me, first_bread,
          nemelex_dance_club_becter

Skill      XL: |  1  2  3  4 |
---------------+-------------+-----
Dodging        | 3 |  3.0
Long Blades    | 3 4 |  4.8
Armour         | 1 2 |  2.3
Fighting       | |  2.0
Throwing       | |  1.7
Shields        | |  0.8

Action                   |  1- 3 |  4- 6 || total
-------------------------+-------+-------++-------
Melee: Long sword        |   195 |   137 ||   332
Throw: Stone             |     3 |       ||     3
       Throwing net      |     2 |       ||     2
  Use: Potion            |     3 |     2 ||     5
       Scroll            |       |     1 ||     1
 Stab: Held in net/web   |     1 |       ||     1
       Invisible         |       |     2 ||     2
  Eat: Chunk             |     1 |     4 ||     5
       Bread ration      |       |     1 ||     1
Armor: Leather armour    |    27 |       ||    27
       Ring mail         |    34 |    29 ||    63
Dodge: Dodged            |   129 |    77 ||   206
